 Dungeon Crawl Stone Soup version 0.28-a0-60-g54b5640690 (webtiles) character file.

Game seed: 14865274195265760262

16 nicksoapdish the Insei (level 2, 0/18 HPs)
             Began as an Octopode Transmuter on July 30, 2021.
             Slain by a gnoll (6 damage)
             ... on level 1 of the Dungeon.
             The game lasted 00:01:45 (702 turns).

nicksoapdish the Insei (Octopode Transmuter)         Turns: 702, Time: 00:01:46

Health: 0/18       AC:  1    Str:  9    XL:     2   Next: 58%
Magic:  5/5        EV: 13    Int: 15    God:
Gold:   10         SH:  0    Dex: 12    Spells: 4/5 levels left

rFire   . . .      SeeInvis .     - Unarmed
rCold   . . .      Faith    .   (no shield)
rNeg    . . .      Spirit   .   (helmet restricted)
rPois   .          Reflect  .   (no amulet)
rElec   .          Harm     .   (no ring)
rCorr   .          Rampage  .   (no ring)
Will    .....                   (no ring)
Stlth   ++........              (no ring)
HPRegen 0.06/turn               (no ring)
MPRegen 0.09/turn               (no ring)
                                (no ring)
                                (no ring)

@: no status effects
A: almost no armour, amphibious, 8 rings, camouflage 1, gelatinous body 1,
(nimble swimmer 1), tentacles
a: no special abilities


You were on level 1 of the Dungeon.
You visited 1 branch of the dungeon, and saw 1 of its levels.

You collected 10 gold pieces.

You aren't carrying anything.


   Skills:
 + Level 1.0 Fighting
 + Level 2.2 Dodging
 + Level 3.4 Unarmed Combat
 + Level 2.1 Spellcasting
 + Level 2.1 Transmutations


You had 4 spell levels left.
You knew the following spells:

 Your Spells              Type           Power      Damage    Failure   Level
a - Beastly Appendage     Tmut           16%        N/A       9%          1

Your spell library contained the following spells:

 Spells                   Type           Power      Damage    Failure   Level
 Wereblood                Tmut           8%         N/A       14%         2
 Spider Form              Tmut/Pois      2%         N/A       38%         3
 Frozen Ramparts          Ice            2%         1d2       54%         3
 Ice Form                 Ice/Tmut       4%         N/A       80%         4
 Summon Ice Beast         Ice/Summ       1%         N/A       91%         4


Dungeon Overview and Level Annotations

Branches:
Dungeon (1/15)

Altars:


Innate Abilities, Weirdness & Mutations

You cannot wear most types of armour.
You are amphibious.
You can wear up to eight rings at the same time.
Your skin changes colour to match your surroundings (Stealth+).
Your rubbery body absorbs attacks. (AC +1, EV +1)
((You are camouflaged near water. (Stealth+)))
You have tentacles for arms and can constrict up to eight enemies at once.


Message History

The bat struggles to escape constriction.
The bat escapes!
The giant cockroach misses you. The bat barely misses you.
The giant cockroach closely misses you.
Found 5 gold pieces.
You barely miss the giant cockroach. You grab the giant cockroach.
You constrict the giant cockroach. The bat closely misses you.
The giant cockroach barely misses you.
You barely miss the giant cockroach.
You squeeze the giant cockroach, but do no damage.
The giant cockroach is moderately wounded.
You constrict the giant cockroach, but do no damage.
The bat misses you. The giant cockroach barely misses you.
The bat completely misses you.
You barely miss the bat. Your grab misses the bat. Your squeeze misses the bat.
The bat is moderately wounded.
You constrict the giant cockroach. The bat completely misses you.
The giant cockroach bites you.
You tentacle-slap the giant cockroach.
The giant cockroach is severely wounded.
You constrict the giant cockroach.
You kill the giant cockroach!
The bat hits you.
A gnoll comes into view. It is wielding a +0 whip.
The bat hits you but does no damage. The bat hits you.
You tentacle-slap the bat.
You kill the bat!
The gnoll shouts!
A bat comes into view.
You see here 5 gold pieces.
You closely miss the gnoll. Your grab misses the gnoll.
The gnoll hits you with a +0 whip.
You tentacle-slap the gnoll. You grab the gnoll.
The gnoll is lightly wounded.
You constrict the gnoll. The bat hits you. The gnoll hits you with a +0 whip.
You tentacle-slap the gnoll.
The gnoll is moderately wounded.
You constrict the gnoll. The bat closely misses you.
The gnoll hits you with a +0 whip.
You die...

.#.≈#...###8#'#8###
..≈#...'.........'
#.≈#...##8##.##8##
#.≈#..8#≈♣≈#'#≈♣≈# #
#.†######♣##'##♣## ..
#.≈≈≈≈≈≈≈≈≈≈.≈≈≈≈≈
#.###..†.........>.[..
#.#.....#.##############
#....b.@#.# #######g#.#
..#.# #..#.# #..#.#
#..#.# #..# ####


You could see a gnoll and a bat.

Vanquished Creatures
  An adder zombie (D:1)
  A dart slug (D:1)
  A bat (D:1)
  2 endoplasms (D:1)
  A giant cockroach (D:1)
  3 hobgoblins (D:1)
  A ball python zombie (D:1)
10 creatures vanquished.

Notes
Turn   | Place    | Note
-------+----------+-------------------------------------------
     0 | D:1      | nicksoapdish the Octopode Transmuter began the quest for
                  | the Orb.
     0 | D:1      | Reached XP level 1. HP: 13/13 MP: 3/3
   101 | D:1      | Reached XP level 2. HP: 11/18 MP: 5/5
   702 | D:1      | Slain by a gnoll

Illustrated notes

Levels and vault maps discovered:
D:1:      saegor_arrival_fortress, layout_basic

Action                   || total
-------------------------++-------
Melee: Unarmed           ||    31
       Constrict         ||     8
       Tentacles         ||     5
  Use: Potion            ||     1
 Stab: Sleeping          ||     1
Armor: Skin              ||     1
Dodge: Dodged            ||    23

Table legend: (Time is in decaauts)
 A = Elapsed time spent in this place.
 B = Non-inter-level travel time spent in this place.
 C = Inter-level travel time spent in this place.
 D = Time resting spent in this place.
 E = Time spent auto-exploring this place.
 F = Levels seen in this place.
 G = Mean time per level.
                   A        B        C        D        E       F      G
               +--------+--------+--------+--------+--------+-----+--------+
         Total |    700 |    700 |      0 |      0 |    581 |   1 |  700.0 |
       Dungeon |    700 |    700 |      0 |      0 |    581 |   1 |  700.0 |
               +--------+--------+--------+--------+--------+-----+--------+

Top non-repeatable levels by time:
     D:1: 700 daAuts
